 Dungeon Sprint DCSS version 0.17-a0-1337-ge651487 (webtiles) character file.

746 Kidiri the Thaumaturge (level 7, -2/36 HPs)
             Began as a Deep Elf Earth Elementalist on June 10, 2015.
             Slain by a hippogriff (4 damage)
             ... in the Dungeon (Sprint II: "The Violet Keep of Menkaure").
             The game lasted 00:03:30 (473 turns).

Kidiri the Thaumaturge (Deep Elf Earth Elementalist) Turns: 473, Time: 00:03:30

Health: -2/36      AC:  5    Str:  5    XL:     7   Next: 48%
Magic:  14/23      EV: 17    Int: 21    God:
Gold:   729        SH:  0    Dex: 16    Spells: 6 memorised, 10 levels left

rFire  . . .     SeeInvis .     l - +0 spear
rCold  . . .     Clarity  .     b - +0 robe
rNeg   . . .     SustAt   .     (no shield)
rPois  .         Gourm    .     (no helmet)
rElec  .         Spirit   .     (no cloak)
rCorr  .         Warding  .     (no gloves)
rMut   .         NoTele   +     (no boots)
MR     .....                    (no amulet)
Stlth  +++++.....               (no ring)
                                (no ring)

@: stone skin, hasted, very quick, not resistant to hostile enchantments, quite
stealthy
A: no striking features
a: no special abilities


You were in the Dungeon.
You were not hungry.

You visited 1 branch You collected 729 gold pieces.

Inventory:

Hand weapons
 l - a +0 spear (weapon)
Missiles
 a - 13 stones (quivered)
Armour
 b - a +0 robe (worn)
Scrolls
 j - a scroll of blinking
Potions
 e - a potion of curing
 h - a potion of magic
 i - a potion of berserk rage
Books
 c - a book of Geomancy

   Spells                             Type                      Level
   a - Sandblast                      Earth                        1
   b - Stoneskin                      Transmutation/Earth          2
   c - Passwall                       Transmutation/Earth          3
   d - Stone Arrow                    Conjuration/Earth            3
   e - Petrify                        Transmutation/Earth          4
   f - Lee's Rapid Deconstruction     Earth                        5
Comestibles
 d - a bread ration
 k - 2 chunks of flesh


   Skills:
 + Level 7.6 Dodging
 * Level 11.3 Stealth
 * Level 11.4 Spellcasting
 + Level 5.3 Conjurations
 + Level 5.5 Transmutations
 + Level 7.3 Earth Magic


You had 10 spell levels left.
You knew the following spells:

 Your Spells              Type           Power        Failure   Level  Hunger
a - Sandblast             Erth           #####.       1%          1    None
b - Stoneskin             Trmt/Erth      #####...     1%          2    None
c - Passwall              Trmt/Erth      #####.....   1%          3    None
d - Stone Arrow           Conj/Erth      #####.       1%          3    None
e - Petrify               Trmt/Erth      #####...     4%          4    #......
f - Lee's Rapid Deconstr  Erth           #####.....   10%         5    ####...


Dungeon Overview and Level Annotations

Branches:
Dungeon (1/1)

Altars:


Message History

The stone arrow hits the hippogriff.
You kill the hippogriff!
Your Stealth skill increases to level 11!
Casting: Stone Arrow
Confirm with . or Enter, or press ? or * to list all spells.
Aiming: Stone Arrow
Press: ? - help, Shift-Dir - straight line, f - hippogriff
Aim: a hippogriff The stone arrow hits the hippogriff.
The hippogriff is lightly wounded.
The hippogriff bites you!
* * * LOW HITPOINT WARNING * * *
The hippogriff completely misses you. The hippogriff claws you.
* * * LOW HITPOINT WARNING * * *
Unknown command.
Drink which item? (? for menu, Esc to quit)
You feel yourself speed up. The hippogriff bites you.
* * * LOW HITPOINT WARNING * * *
The hippogriff completely misses you. The hippogriff claws you.
You die...

## ## .# #.
### $#. ###
##.###'###.#
#...##.##.###
+.#รท+.<.+##.+
#...##.##...#
##.###H###.##
####@######
#.##..#
##.%.## ##+##


You could see a hippogriff.

Vanquished Creatures
  A siren (D)
  A hippogriff (D)
  4 brain worms (D)
  3 worms (D)
9 creatures vanquished.

Notes
Turn   | Place    | Note
--------------------------------------------------------------
     0 | D        | Kidiri the Deep Elf Earth Elementalist began the quest for the Orb.
     0 | D        | Reached XP level 1. HP: 10/10 MP: 6/6
     2 | D        | Noticed a hippogriff
     2 | D        | Noticed a hippogriff
     5 | D        | Noticed a siren
     8 | D        | Noticed a brain worm
    12 | D        | Killed a brain worm
    12 | D        | Reached skill level 4 in Dodging
    12 | D        | Reached skill level 6 in Stealth
    12 | D        | Reached XP level 2. HP: 15/15 MP: 3/11
    12 | D        | Reached XP level 3. HP: 19/19 MP: 3/13
    14 | D        | Noticed a brain worm
    18 | D        | Learned a level 2 spell: Stoneskin
    22 | D        | Learned a level 3 spell: Passwall
    26 | D        | Learned a level 3 spell: Stone Arrow
    92 | D        | Killed a brain worm
    92 | D        | Reached skill level 5 in Dodging
    92 | D        | Reached skill level 7 in Stealth
    92 | D        | Reached skill level 1 in Conjurations
    92 | D        | Reached skill level 5 in Earth Magic
    92 | D        | Reached XP level 4. HP: 15/24 MP: 0/15
    99 | D        | Learned a level 4 spell: Petrify
   207 | D        | Noticed a brain worm
   207 | D        | Noticed a brain worm
   211 | D        | Killed a brain worm
   211 | D        | Reached skill level 8 in Stealth
   211 | D        | Reached XP level 5. HP: 28/28 MP: 5/18
   212 | D        | Killed a brain worm
   212 | D        | Reached skill level 9 in Spellcasting
   224 | D        | Learned a level 5 spell: Lee's Rapid Deconstruction
   319 | D        | Reached XP level 6. HP: 32/32 MP: 18/20
   356 | D        | Killed a siren
   356 | D        | Reached skill level 10 in Stealth
   356 | D        | Reached skill level 11 in Spellcasting
   356 | D        | Reached skill level 5 in Conjurations
   356 | D        | Reached skill level 5 in Transmutations
   356 | D        | Reached XP level 7. HP: 36/36 MP: 6/23
   471 | D        | Killed a hippogriff
   473 | D        | Slain by a hippogriff

Vault maps used:
D:        the_violet_keep_of_menkaure

Action                   |  1- 3 |  4- 6 |  7- 9 || total
-------------------------+-------+-------+-------++-------
 Cast: Sandblast         |     2 |     5 |       ||     7
       Stoneskin         |     2 |     1 |     1 ||     4
       Stone Arrow       |     1 |     7 |     6 ||    14
       Petrify           |       |     1 |     3 ||     4
  Use: Potion            |       |       |     3 ||     3
